 Dungeon Crawl Stone Soup version 0.28-a0-390-gb254ac4902 (webtiles) character file.

Game seed: 698604993445640929

56023 omnomnOMINOUS the Fighter (level 14, -5/104 HPs)
             Began as an Octopode Wanderer on Sept 2, 2021.
             Was a High Priest of Lugonu.
             Shot with a stone by a minotaur (8 damage)
             ... in a Gauntlet on Sept 3, 2021.
             The game lasted 01:45:13 (37072 turns).

omnomnOMINOUS the Fighter (Octopode Wanderer)      Turns: 37072, Time: 01:45:15

Health: -5/104     AC:  7    Str: 18    XL:     14   Next: 79%
Magic:  14/20      EV: 25    Int: 21    God:    Lugonu [*****.]
Gold:   28         SH:  0    Dex: 27    Spells: 10/21 levels left

rFire   + . .      SeeInvis .   b - +10 quarterstaff of Bodily Humours {vorpal, +Blink rElec}
rCold   . . .      Faith    .   (shield currently unavailable)
rNeg    . . .      Spirit   .   s - +2 hat
rPois   +          Reflect  .   c - amulet of regeneration
rElec   +          Harm     .   g - +6 ring of dexterity
rCorr   +          Rampage  .   y - +6 ring of strength
Will    ++...      NoTele   +   O - ring of Shadows {Umbra +Inv Stlth+}
Stlth   ++++++++++              U - ring of resist corrosion
HPRegen 1.27/turn               j - ring "Linkuuke" {rF+ Will+ Dex+6}
MPRegen 0.17/turn               S - +4 ring of protection
                                W - +6 ring of dexterity
                                X - ring of poison resistance

@: brilliant, hasted, wreathed by umbra, very quick
A: almost no armour, amphibious, 8 rings, camouflage 1, gelatinous body 1,
(nimble swimmer 1), tentacles
a: Renounce Religion, Evoke Blink, Evoke Invisibility, Depart the Abyss, Bend
Space, Banish, Corrupt, Enter the Abyss


You were in a Gauntlet.
You worshipped Lugonu.
Lugonu was extremely pleased with you.
You visited 5 branches of the dungeon, and saw 22 of its levels.
You also visited: Gauntlet.

You collected 2911 gold pieces.
You spent 2883 gold pieces at shops.

Inventory:

Hand Weapons
 a - a +2 dagger of draining
 b - the +10 quarterstaff of Bodily Humours (weapon) {vorpal, +Blink rElec}
   (You bought it in a shop on level 2 of the Orcish Mines)

   It inflicts extra damage upon your enemies.
   rElec:     It insulates you from electricity.
   +Blink:    It lets you blink.
 i - a +2 hand crossbow
Missiles
 h - 110 bolts
 o - 15 atropa-tipped darts (quivered)
Armour
 s - a +2 hat (worn)
Jewellery
 c - an amulet of regeneration (around mantle)
 d - the ring "Extemapt" {Wiz rPois}
   (You found it in a Gauntlet)

   [ring of wizardry]

   It improves your spell success rate.
   rPois:     It protects you from poison.
 g - a +6 ring of dexterity (left tentacle)
 j - the ring "Linkuuke" (on tentacle) {rF+ Will+ Dex+6}
   (You bought it in a shop on level 9 of the Dungeon)

   [ring of dexterity]

   Dex:       It affects your dexterity (+6).
   rF:        It protects you from fire.
   Will:      It increases your willpower.
 y - a +6 ring of strength (right tentacle)
 O - the ring of Shadows (on tentacle) {Umbra +Inv Stlth+}
   (You bought it in a shop on level 9 of the Dungeon)

   [ring of stealth]

   It surrounds you with an aura of shadow, increasing your stealth and reducing
   the accuracy of all within it (including the wearer).
   +Inv:      It lets you turn invisible.
   Stlth:     It makes you more stealthy.
 S - a +4 ring of protection (on tentacle)
 U - a ring of resist corrosion (on tentacle)
 W - a +6 ring of dexterity (on tentacle)
 X - a ring of poison resistance (on tentacle)
 Y - an amulet of magic regeneration
Wands
 u - a wand of iceblast (13)
 E - a wand of mindburst (2)
 F - a wand of digging (4)
Scrolls
 e - 2 scrolls of fear
 p - 9 scrolls of teleportation
 r - 2 scrolls of blinking
 w - 4 scrolls of immolation
 D - a scroll of silence
 G - 2 scrolls of vulnerability
 L - 2 scrolls of enchant weapon
 T - 2 scrolls of holy word
 Z - a scroll of identify
Potions
 l - 2 potions of mutation
 z - 2 potions of haste
 B - a potion of curing
 I - a potion of flight
 K - 3 potions of magic
 Q - a potion of brilliance
 V - a potion of cancellation
Miscellaneous
 R - a piece from Xom's chessboard (14/15)


   Skills:
 + Level 12.4 Fighting
 - Level 8.0 Short Blades
 * Level 6.4 Staves
 - Level 4.0 Crossbows
 - Level 1.0 Throwing
 + Level 12.3 Dodging
 - Level 8.0 Stealth
 - Level 4.0 Spellcasting
 - Level 10.0 Air Magic
 - Level 8.0 Invocations
 * Level 7.6 Evocations


You had 10 spell levels left.
You knew the following spells:

 Your Spells              Type           Power      Damage    Failure   Level
a - Poisonous Vapours     Pois/Air       76%        N/A       2%          2
b - Swiftness             Air            63%        N/A       1%          3
c - Airstrike             Air            31%        N/A       1%          4
d - Corpse Rot            Necr/Air       N/A        N/A       2%          2

Your spell library contained the following spells:

 Spells                   Type           Power      Damage    Failure   Level
 Shock                    Conj/Air       100%       1d9       1%          1
 Corona                   Hex            6%         N/A       12%         1
 Freeze                   Ice            24%        1d5       12%         1
 Sting                    Tmut/Pois      24%        1d4       12%         1
 Ensorcelled Hibernation  Hex/Ice        12%        N/A       19%         2
 Dazzling Flash           Conj/Hex       12%        N/A       34%         3
 Frozen Ramparts          Ice            12%        1d3       34%         3
 Tukima's Dance           Hex            6%         N/A       34%         3
 Silence                  Hex/Air        19%        N/A       38%         5
 Dispel Undead            Necr           6%         3d8       75%         4
 Fulminant Prism          Conj/Hex       3%         3d6       75%         4
 Hailstorm                Conj/Ice       6%         3d4       75%         4
 Iskenderun's Mystic Bla  Conj/Tloc      6%         2d4       75%         4
 Leda's Liquefaction      Hex/Erth       3%         N/A       75%         4
 Olgreb's Toxic Radiance  Pois           6%         N/A       75%         4
 Summon Ice Beast         Ice/Summ       6%         N/A       75%         4
 Agony                    Necr           6%         N/A       97%         5
 Bolt of Magma            Conj/Fire/Erth 3%         4d5       97%         5
 Lee's Rapid Deconstruct  Erth           3%         3d6*      97%         5
 Summon Mana Viper        Hex/Summ       6%         N/A       97%         5
 Death Channel            Necr           3%         N/A       100%        6
 Statue Form              Tmut/Erth      4%         N/A       100%        6
 Monstrous Menagerie      Summ           3%         N/A       100%        7


Dungeon Overview and Level Annotations

Branches:
Dungeon (12/15)            Temple (1/1) D:6            Lair (6/6) D:10
  Swamp (0/4) Lair:2        Snake (0/4) Lair:4        Slime (0/5) Lair:6
    Orc (2/2) D:10            Elf (1/3) Orc:2       Gauntlet (1/1)

Altars:
Ashenzari
Cheibriados
Dithmenos
Elyvilon
Fedhas
Gozag
Hepliaklqana
Kikubaaqudgha
Makhleb
Nemelex Xobeh
Okawaru
Qazlal
Ru
Sif Muna
Trog
Uskayaw
Vehumet
Wu Jian
Xom
Yredelemnul
Zin
The Shining One
Jiyva
Lugonu

Shops:
D:3 !   D:9 =   Orc:2 ([*:

Portals:
Bazaar: Orc:2
Trove: D:10 (give 2 scrolls of acquirement)

Annotations:
D:5 3 runed translucent doors, MrDNA's ghost, novice TrFi; Shayle's ghost, amateur DjWr; desmos's ghost, novice HOBe; louisi3's ghost, novice GnGl; ratboy's ghost, novice DrCA
D:7 Dowan; Joseph Gauntlet 21 runed translucent doors, 6 transporters


Innate Abilities, Weirdness & Mutations

You cannot wear most types of armour.
You are amphibious.
You can wear up to eight rings at the same time.
Your skin changes colour to match your surroundings (Stealth+).
Your rubbery body absorbs attacks. (AC +1, EV +1)
((You are camouflaged near water. (Stealth+)))
You have tentacles for arms and can constrict up to eight enemies at once.


Message History

The curare-tipped dart hits the minotaur.
The minotaur is poisoned.
The minotaur convulses.
The minotaur seems to slow down.
The minotaur is moderately wounded.
The minotaur unwields a +1 hunting sling of freezing.
The minotaur wields a +4 vampiric war axe.
The minotaur barely misses you. The minotaur closely misses you.
You hit the minotaur but do no damage. You grab the minotaur.
You squeeze the minotaur, but do no damage.
The minotaur is moderately wounded.
You constrict the minotaur, but do no damage.
The minotaur hits you with a +4 vampiric war axe!!
The minotaur draws strength from your wounds!
The minotaur barely misses you.
You hit the minotaur. You squeeze the minotaur.
The minotaur is lightly wounded.
You constrict the minotaur, but do no damage.
You thump the minotaur!
The minotaur is moderately wounded.
You constrict the minotaur.
The minotaur hits you with a +4 vampiric war axe!!!
The minotaur barely misses you.
Unknown command.
You feel yourself speed up.
You constrict the minotaur, but do no damage.
The minotaur hits you with a +4 vampiric war axe!!
* * * LOW HITPOINT WARNING * * *
The minotaur draws strength from your wounds!
The minotaur gores you.
* * * LOW HITPOINT WARNING * * *
You blink.
You lose your grip on something.
Unknown command.
The minotaur is no longer moving slowly.
The minotaur looks more healthy.
The minotaur unwields a +4 vampiric war axe.
The minotaur wields a +1 hunting sling of freezing.
It is covered in frost.
The minotaur shoots a stone.
The stone hits you!
* * * LOW HITPOINT WARNING * * *
The stone freezes you!
You die...

###.##.#.# #. .#
###.##.#'###.##.#
#...H(..........#
#.##.##.##.##.#
#.##.##.##.##.###
#...............#
##.##.##.##†##.##
###.##.##.##.##.###
#≈.....@.........≈# ###
#8.8.8..©.©†.8.8.8# ### #8#
#≈...............≈# #8#
##############################
###≈............≈∩≈............§
#8#.............................
###..###########...###########..
#..#?.#.©.#.?#...##W.$©?[.##..
###..##..#.#..##...#W#.....#.#..


You could see a minotaur and a shadow (wandering).

Vanquished Creatures
  Gastronok (Lair:2)
  A dire elephant (Gauntlet)
  Fannar (Lair:1)
  A boulder beetle (D:11)
  5 hydras
  Erolcha (D:9)
  4 two-headed ogres
  11 death yaks
  3 orc high priests (Orc:2)
  5 orc knights
  A wizard (Gauntlet)
  A necromancer (Gauntlet)
  Pikel (D:5)
  2 deep elf zephyrmancers (Elf:1)
  A deep elf pyromancer (D:8)
  5 orc sorcerers
  An oklob plant (Lair:4)
  2 elephants (Gauntlet)
  4 black mambas
  8 cane toads
  An unseen horror (D:10)
  2 rime drakes
  2 komodo dragons
  4 trolls
  5 polar bears
  A hornet (D:8)
  A tyrant leech (Lair:2)
  5 blink frogs (Lair:4)
  4 dream sheep (Lair:6)
  A meliai zombie (D:10)
  A wraith (D:9)
  4 wyverns
  38 yaks
  A basilisk (D:10)
  2 vampire mosquitoes (D:11)
  2 nagas (Lair:4)
  5 wargs
  A swamp worm (Lair:2)
  An acid dragon (D:11)
  12 water moccasins
  3 sky beasts
  2 hornet zombies (D:8)
  3 necrophages (D:8)
  27 orc warriors
  2 black bears
  7 ogres
  2 centaurs
  6 wolves (Lair:5)
  2 kobold brigands (D:10)
  A wyvern zombie (D:8)
  15 bullfrogs
  3 scorpions
  A gnoll sergeant (D:11)
  A wyvern skeleton (D:7)
  7 killer bees
  13 wights
  3 electric eels
  4 howler monkeys (D:11)
  A jelly (D:5)
  10 centaur zombies
  20 orc priests
  3 hounds
  Crazy Yiuf (D:3)
  A bullfrog skeleton (D:5)
  A centaur skeleton (D:7)
  Jessica (D:3)
  4 iguanas
  20 orc wizards
  A killer bee zombie (D:5)
  A howler monkey zombie (D:8)
  12 gnolls
  2 howler monkey skeletons (D:7)
  5 adders
  A shadow imp (Gauntlet)
  2 white imps (Gauntlet)
  A worm (D:5)
  5 dart slugs
  66 orcs
  5 bats
  4 endoplasms
  6 hobgoblins
  3 jackals (D:5)
  7 quokkas
  7 ball pythons
  2 frilled lizards
  5 goblins
  15 kobolds
  7 rats
473 creatures vanquished.

Vanquished Creatures (others)
  An orc (Orc:2)
  38 fungi
  44 plants
  7 withered plants
90 creatures vanquished.

Grand Total: 563 creatures vanquished

Notes
Turn   | Place    | Note
-------+----------+-------------------------------------------
     0 | D:1      | omnomnOMINOUS the Octopode Wanderer began the quest for the
                  | Orb.
     0 | D:1      | omnomnOMINOUS set off with the following items: a +2 hand
                  | crossbow, 24 bolts, a +0 mace, a potion of curing
     0 | D:1      | Reached XP level 1. HP: 14/14 MP: 1/1
   244 | D:1      | Reached XP level 2. HP: 13/20 MP: 2/2
   576 | D:1      | Found a faded altar of an unknown god.
   650 | D:1      | Became a worshipper of Lugonu the Unformed
   650 | D:1      | Reached * piety under Lugonu
   650 | D:1      | Reached ** piety under Lugonu
   974 | D:2      | Reached XP level 3. HP: 25/25 MP: 3/3
  1006 | D:2      | Reached skill level 1 in Short Blades
  1123 | D:2      | Found a sacrificial altar of Ru.
  1858 | D:2      | Reached XP level 4. HP: 31/31 MP: 4/4
  2883 | D:3      | Reached *** piety under Lugonu
  2910 | D:3      | Found Quekukh's Distillery.
  3179 | D:3      | Noticed Jessica
  3183 | D:3      | Killed Jessica
  3184 | D:3      | Reached XP level 5. HP: 36/36 MP: 5/5
  3364 | D:3      | Found a runed translucent door.
  3365 | D:3      | Noticed Crazy Yiuf
  3373 | D:3      | Killed Crazy Yiuf
  3693 | D:3      | Reached XP level 6. HP: 24/43 MP: 6/6
  4669 | D:5      | Entered Level 5 of the Dungeon
  4887 | D:5      | Reached XP level 7. HP: 48/48 MP: 7/7
  5077 | D:5      | Noticed Pikel
  5081 | D:5      | Killed Pikel
  5082 | D:5      | Reached skill level 5 in Fighting
  5082 | D:5      | Reached XP level 8. HP: 55/55 MP: 8/8
  5416 | D:5      | Found a runed translucent gate.
  5603 | D:5      | Reached skill level 5 in Dodging
  6035 | D:5      | Noticed MrDNA's ghost (novice TrFi)
  6036 | D:5      | Found a runed translucent gate.
  6036 | D:5      | Noticed Shayle's ghost (amateur DjWr)
  6036 | D:5      | Noticed ratboy's ghost (novice DrCA)
  6036 | D:5      | Noticed desmos's ghost (novice HOBe)
  6036 | D:5      | Noticed louisi3's ghost (novice GnGl)
  6037 | D:5      | Found a runed translucent gate.
  6851 | D:6      | Reached XP level 9. HP: 32/62 MP: 9/9
  7097 | D:6      | Found a staircase to the Ecumenical Temple.
  7111 | Temple   | Entered the Ecumenical Temple
  7508 | D:7      | Noticed Joseph
  7518 | D:7      | Noticed Dowan
  7591 | D:6      | Reached **** piety under Lugonu
  8439 | D:7      | Reached skill level 1 in Invocations
  9355 | D:8      | Noticed a deep elf pyromancer
  9361 | D:8      | Killed a deep elf pyromancer
  9514 | D:8      | Noticed a two-headed ogre
  9547 | D:8      | Killed a two-headed ogre
  9548 | D:8      | Reached XP level 10. HP: 16/72 MP: 11/13
  9876 | D:8      | Reached skill level 5 in Invocations
 11056 | D:8      | Found a shadowy altar of Dithmenos.
 11257 | D:9      | Noticed Erolcha
 11271 | D:9      | Killed Erolcha
 11993 | D:9      | Reached skill level 1 in Spellcasting
 11993 | D:9      | Reached XP level 11. HP: 65/80 MP: 16/16
 12415 | D:3      | Bought a potion of haste for 100 gold pieces
 12415 | D:3      | Bought a potion of lignification for 30 gold pieces
 12415 | D:3      | Bought a potion of might for 40 gold pieces
 12576 | D:10     | Entered Level 10 of the Dungeon
 12976 | D:9      | Found Ruitwy's Jewellery Shop.
 13352 | D:10     | Found a portal to a secret trove of treasure.
 14042 | D:10     | Noticed a two-headed ogre
 14260 | D:10     | Found a staircase to the Lair.
 14520 | D:10     | Found a staircase to the Orcish Mines.
 14871 | D:10     | Killed a two-headed ogre
 15434 | Lair:1   | Entered Level 1 of the Lair of Beasts
 15695 | Orc:1    | Entered Level 1 of the Orcish Mines
 16443 | D:9      | Bought the ring of Shadows {Umbra +Inv Stlth+} for 520 gold
                  | pieces
 16443 | D:9      | Found the ring of Shadows {Umbra +Inv Stlth+}
 16447 | D:9      | Learned a level 2 spell: Poisonous Vapours
 16451 | D:9      | Learned a level 3 spell: Swiftness
 16456 | D:9      | Learned a level 4 spell: Airstrike
 16619 | D:11     | Reached skill level 1 in Air Magic
 17021 | D:11     | Noticed a two-headed ogre
 17042 | D:11     | Killed a two-headed ogre
 17366 | D:11     | Noticed a two-headed ogre
 17392 | D:11     | Killed a two-headed ogre
 17393 | D:11     | Reached skill level 10 in Fighting
 17591 | D:11     | Noticed a boulder beetle
 17608 | D:11     | Killed a boulder beetle
 17609 | D:11     | Reached skill level 10 in Dodging
 17839 | D:11     | Reached XP level 12. HP: 78/87 MP: 15/18
 18245 | D:11     | Reached skill level 5 in Air Magic
 18590 | Orc:2    | Entered Level 2 of the Orcish Mines
 19227 | Orc:1    | Reached ***** piety under Lugonu
 19908 | Lair:1   | Noticed Fannar
 19925 | Lair:1   | Killed Fannar
 21006 | Lair:2   | Noticed Gastronok
 21027 | Lair:2   | Killed Gastronok
 21245 | Lair:2   | Reached skill level 5 in Stealth
 21529 | Lair:2   | Noticed an eight-headed hydra
 21940 | Lair:2   | Noticed an eight-headed hydra
 22135 | Lair:2   | Found a staircase to the Swamp.
 22145 | Lair:2   | HP: 2/89 [cane toad (15)]
 22147 | Lair:2   | Killed an eight-headed hydra
 22986 | Lair:3   | Noticed a seven-headed hydra
 22992 | Lair:3   | Killed a seven-headed hydra
 23018 | Lair:3   | Reached XP level 13. HP: 87/95 MP: 16/19
 24463 | Orc:2    | Found a gateway to a bazaar.
 24530 | Orc:2    | Found a staircase to the Elven Halls.
 25259 | Orc:1    | HP: 1/90 [orc priest/divine providence (12)]
 25700 | Orc:2    | Noticed an orc warlord
 25834 | Orc:2    | Banished an orc warlord
 28441 | Orc:2    | Found Taugher's General Store.
 28442 | Orc:2    | Found Uskof's Book Shoppe.
 28444 | Orc:2    | Found Xurphada's Antique Armour Shoppe.
 28444 | Orc:2    | Found Keafeys's Antique Weapon Emporium.
 28461 | Orc:2    | Bought a transparent scimitar for 225 gold pieces
 28461 | Orc:2    | Identified the +3 scimitar of the Blowfly {holy, *Rage
                  | rPois rCorr} (You bought it in a shop on level 2 of the
                  | Orcish Mines)
 28461 | Orc:2    | Bought an iridescent quarterstaff for 225 gold pieces
 28461 | Orc:2    | Identified the +10 quarterstaff of Bodily Humours {vorpal,
                  | +Blink rElec} (You bought it in a shop on level 2 of the
                  | Orcish Mines)
 29210 | Elf:1    | Entered Level 1 of the Elven Halls
 29219 | Elf:1    | Reached skill level 10 in Air Magic
 29278 | Elf:1    | Upgraded the game from 0.28-a0-384-g9e0c098162 to
                  | 0.28-a0-390-gb254ac4902
 29467 | Lair:2   | Reached skill level 1 in Staves
 30494 | Lair:3   | Identified a scroll of acquirement
 30495 | Lair:3   | Acquired 1322 gold pieces
 30629 | D:9      | Bought the ring "Linkuuke" {rF+ Will+ Dex+6} for 1015 gold
                  | pieces
 30629 | D:9      | Bought a +4 ring of protection for 468 gold pieces
 31061 | Lair:3   | Reached XP level 14. HP: 102/102 MP: 3/20
 31683 | Lair:4   | Found a hide-covered altar of Uskayaw.
 31878 | Lair:3   | Reached skill level 5 in Evocations
 33797 | Lair:4   | Found a staircase to the Snake Pit.
 35029 | Lair:5   | Reached skill level 5 in Staves
 35351 | Lair:5   | Found the +3 robe of Clouds {*Thunder rCloud rElec}
 35783 | D:9      | Bought a ring of poison resistance for 260 gold pieces
 35928 | Lair:6   | Entered Level 6 of the Lair of Beasts
 35961 | Lair:6   | Found a staircase to the Slime Pits.
 35962 | Lair:6   | Found a viscous altar of Jiyva.
 36008 | Lair:6   | Found a gate leading to a gauntlet.
 36080 | Gauntlet | Entered a Gauntlet
 36080 | Gauntlet | Found a large runed translucent door.
 36080 | Gauntlet | Found a large runed translucent door.
 36080 | Gauntlet | Found a large runed translucent door.
 36080 | Gauntlet | Found a large runed translucent door.
 36080 | Gauntlet | Found a runed translucent door.
 36080 | Gauntlet | Found a large runed translucent door.
 36080 | Gauntlet | Found a large runed translucent door.
 36080 | Gauntlet | Found a transporter.
 36080 | Gauntlet | Found a transporter.
 36080 | Gauntlet | Found a large runed translucent door.
 36080 | Gauntlet | Found a large runed translucent door.
 36080 | Gauntlet | Found a runed translucent gate.
 36080 | Gauntlet | Found a runed translucent gate.
 36080 | Gauntlet | Found a transporter.
 36123 | Gauntlet | Found a transporter.
 36126 | Gauntlet | Found a transporter.
 36126 | Gauntlet | Found a transporter.
 36127 | Gauntlet | Found a runed translucent gate.
 36127 | Gauntlet | Found a runed translucent door.
 36131 | Gauntlet | Found a large runed translucent door.
 36131 | Gauntlet | Found a large runed translucent door.
 36136 | Gauntlet | Found a transporter.
 36140 | Gauntlet | Found a transporter.
 36143 | Gauntlet | Noticed a dire elephant
 36150 | Gauntlet | Found a transporter.
 36195 | Gauntlet | Found a large runed translucent door.
 36195 | Gauntlet | Found a large runed translucent door.
 36198 | Gauntlet | Found a large runed translucent door.
 36198 | Gauntlet | Found a large runed translucent door.
 36199 | Gauntlet | Found a large runed translucent door.
 36200 | Gauntlet | Found a large runed translucent door.
 36250 | Gauntlet | Found a transporter.
 36254 | Gauntlet | Found a transporter.
 36268 | Gauntlet | Found a transporter.
 36864 | Gauntlet | Learned a level 2 spell: Corpse Rot
 36872 | Gauntlet | Identified the ring "Extemapt" {Wiz rPois}
 36904 | Gauntlet | Killed a dire elephant
 37047 | Gauntlet | Identified the +7 plate armour of Philately {Str+4}
 37072 | Gauntlet | HP: 3/104 [minotaur/stone (16)]
 37072 | Gauntlet | Shot with a stone by a minotaur

Illustrated notes

Levels and vault maps discovered:
D:1:      tarquinn_simple_flora_water_d, layout_loops_ring,
          ebering_ecumenical_altar_box, bh_walls_and_bars
D:2:      layout_basic, basic_altar, minmay_misc_feat_x,
          kennysheep_generic_room_9
D:3:      layout_basic, serial_shops, nicolae_shop_behind_doors,
          due_unseen_surprise, uniq_jessica, uniq_crazy_yiuf_cottage
D:4:      layout_rooms
D:5:      layout_basic, gammafunk_ghost_cemetery, uniq_pikel
D:6:      layout_basic, temple_hall, minmay_checkerbox
D:7:      layout_loops_ring, uniq_joseph, uniq_duvessa
D:8:      layout_loops_ring, kennysheep_mini, serial_undead, serial_undead_c,
          serial_undead_c, serial_undead_d, serial_undead_b, serial_undead_d,
          serial_undead_e, serial_undead_d, serial_bayou_crossing
D:9:      layout_roguey, serial_shops, shop, minmay_misc_feat_ornament,
          uniq_erolcha
D:10:     layout_stronghold, david_lair_generic, orc_0_dummy,
          nicolae_trove_entry_free_sample, minmay_fountain_box
D:11:     layout_loops_corners
D:12:     layout_cave_pools, uniq_kirke
Temple:   roderic_octagonal_lattice_temple
Lair:1:   layout_small_grid, nicolae_quartered_pool_super, uniq_fannar
Lair:2:   layout_big_grid, palyth_hydra_swamp_entry, infiniplex_staircase_pool,
          grunt_megastairs_2, lemuel_fruit_tree, uniq_gastronok
Lair:3:   layout_gridlike
Lair:4:   layout_gridlike, minmay_snake_entry_guardpost_small,
          lemuel_oklob_altar
Lair:5:   layout_roguey
Lair:6:   evilmike_catoblepas_cave, layout_misc_corridors, slime_altar_1,
          gauntlet_entry_generic
Orc:1:    cheibrodos_orc_guarddog, layout_caves
Orc:2:    st_orc_congregation, layout_caves, serial_shops, statue_bzr
Elf:1:    eino_elf_arrival_sip, layout_loops_corners, hangedman_elf_disciples
Gauntlet: gammafunk_gauntlet_hard_choice [nicolae_gauntlet_swirl,
          minmay_gauntlet_arena_make_your_own_arena,
          gammafunk_gauntlet_arena_mazey,
          gammafunk_gauntlet_arena_split_diamond,
          gammafunk_gauntlet_arena_arrow_garden, nicolae_gauntlet_arena_x,
          gauntlet_exit_green]

Skill      XL: |  1  2  3  4  5  6  7  8  9 10 11 12 13 14 |
---------------+-------------------------------------------+-----
Dodging        | 2 3 4 5 7 9 10 11 12 | 12.3
Short Blades   | 1 2 3 4 6 7 8 |  8.0
Fighting       | 3 4 5 6 7 9 10 11 12 | 12.4
Invocations    | 4 7 8 |  8.0
Spellcasting   | 1 4 |  4.0
Air Magic      | 4 8 10 | 10.0
Stealth        | 6 8 |  8.0
Evocations     | 4 7 |  7.6
Staves         | 2 6 |  6.4
Crossbows      | |  4.0
Throwing       | |  1.0

Action                   |  1- 3 |  4- 6 |  7- 9 | 10-12 | 13-15 || total
-------------------------+-------+-------+-------+-------+-------++-------
Melee: Mace              |    25 |       |       |       |       ||    25
       Constrict         |    14 |    31 |    31 |    63 |    86 ||   225
       Dagger            |    27 |    85 |    51 |    58 |    14 ||   235
       Tentacles         |     7 |    24 |    45 |   180 |   198 ||   454
       Rapier            |     2 |    33 |       |       |       ||    35
       Short sword       |       |       |   118 |   577 |   312 ||  1007
       Quarterstaff      |       |       |       |       |   234 ||   234
 Fire: Hand crossbow     |     1 |       |    11 |    18 |    48 ||    78
Throw: Dart              |       |       |     5 |     6 |     6 ||    17
 Cast: Airstrike         |       |       |       |       |   124 ||   124
Invok: Bend Space        |       |       |       |     6 |     2 ||     8
       Banish            |       |       |       |       |     3 ||     3
 Abil: Evoke Blink       |       |       |       |       |     7 ||     7
Evoke: Wand              |       |       |     9 |       |    24 ||    33
       Piece from Xom's  |       |       |       |       |     1 ||     1
  Use: Potion            |       |       |     7 |     8 |    10 ||    25
       Scroll            |       |       |       |    15 |     8 ||    23
 Stab: Sleeping          |     8 |     7 |     7 |    23 |     8 ||    53
       Distracted        |       |     1 |     3 |     3 |     6 ||    13
       Paralysed         |       |       |       |       |     5 ||     5
       Invisible         |       |       |       |       |     1 ||     1
Armor: Skin              |     4 |     9 |     7 |   160 |    35 ||   215
Dodge: Dodged            |    29 |    69 |    95 |   541 |   507 ||  1241

Table legend: (Time is in decaauts)
 A = Elapsed time spent in this place.
 B = Non-inter-level travel time spent in this place.
 C = Inter-level travel time spent in this place.
 D = Time resting spent in this place.
 E = Time spent auto-exploring this place.
 F = Levels seen in this place.
 G = Mean time per level.
                   A        B        C        D        E       F      G
               +--------+--------+--------+--------+--------+-----+--------+
         Total |  36758 |  34356 |   2402 |  15963 |  12788 |  23 | 1598.2 |
       Dungeon |  17968 |  16527 |   1441 |   6934 |   7174 |  12 | 1497.3 |
        Temple |    284 |    265 |     19 |      0 |    243 |   1 |  284.0 |
          Lair |  10852 |  10155 |    697 |   4435 |   4023 |   6 | 1808.7 |
  Orcish Mines |   6573 |   6329 |    244 |   4146 |   1077 |   2 | 3286.5 |
   Elven Halls |    103 |    103 |      0 |      0 |     47 |   1 |  103.0 |
      Gauntlet |    975 |    975 |      0 |    448 |    224 |   1 |  975.0 |
               +--------+--------+--------+--------+--------+-----+--------+

Top non-repeatable levels by time:
  Lair:3: 3444 daAuts
   Orc:1: 3427 daAuts
   Orc:2: 3146 daAuts
    D:10: 3141 daAuts
  Lair:2: 2701 daAuts
  Lair:1: 2068 daAuts
     D:8: 1917 daAuts
     D:9: 1875 daAuts
    D:11: 1730 daAuts
     D:2: 1657 daAuts
  Lair:4: 1508 daAuts
     D:6: 1506 daAuts
     D:5: 1497 daAuts
     D:3: 1495 daAuts
     D:7: 1465 daAuts
